 Dungeon Crawl Stone Soup version 0.32-a0-422-g28b100f618 (webtiles) character file.

Game seed: 12855849994236273899

52 pokeman the Magician (level 3, 0/19 (20) HPs)
             Began as a Deep Elf Hedge Wizard on Feb 21, 2024.
             Succumbed to an adder's poison
             ... on level 2 of the Dungeon.
             The game lasted 00:02:10 (1391 turns).

pokeman the Magician (Deep Elf Hedge Wizard)        Turns: 1391, Time: 00:02:10

HP:   0/19 (20)     AC:  6    Str:  7    XL:     3   Next: 60%
MP:   0/11          EV: 11    Int: 20    God:
Gold: 74            SH:  0    Dex: 14    Spells: 4/12 levels left

rFire   . . .        h - +2 dagger (elec)
rCold   + . .        (no shield)
rNeg    . . .        g - +1 leather armour {rC+}
rPois   .            c - +0 hat
rElec   .            (no cloak)
rCorr   .            b - +0 pair of gloves
SInv    .            e - +0 pair of boots
Will    .....        (no amulet)
Stlth   ++           (no ring)
HPRegen 0.23/turn    (no ring)
MPRegen 0.12/turn

%: no passive effects
@: lethally poisoned (0 -> -7), drained
A: no striking features
a: no special abilities


You were on level 2 of the Dungeon.
You visited 1 branch of the dungeon, and saw 2 of its levels.

You collected 74 gold pieces.

Inventory:

Hand Weapons
 h - a +2 dagger of electrocution (weapon)
Armour
 b - a +0 pair of gloves (worn)
 c - a +0 hat (worn)
 e - a +0 pair of boots (worn)
 g - a +1 leather armour of cold resistance (worn)
Scrolls
 i - a scroll of vulnerability {unknown}
Potions
 a - a potion of resistance {unknown}
 d - a potion of magic
 f - 3 potions of curing {unknown}


   Skills:
 - Level 1.0 Fighting
 + Level 1.0 Armour
 + Level 2.4 Dodging
 - Level 2.4 Stealth
 * Level 5.3 Spellcasting
 + Level 2.0 Conjurations
 - Level 1.1 Summonings
 - Level 1.1 Translocations


You had 4 spell levels left.
You knew the following spells:

 Your Spells              Type           Power      Damage    Failure   Level
a - Magic Dart            Conj           52%        1d5       7%          1
b - Mephitic Cloud        Conj/Alch/Air  8%         N/A       36%         3
c - Call Imp              Summ           18%        N/A       16%         2
d - Blink                 Tloc           18%        N/A       16%         2

Your spell library contained the following spells:

 Spells                   Type           Power      Damage    Failure   Level
 Slow                     Hex            20%        N/A       16%         1
 Cigotuvi's Dreadful Rot  Necr/Alch/Air  10%        N/A       24%         2


Dungeon Overview and Level Annotations

Branches:
Dungeon (2/15)

Altars:

Shops:
D:1 ?   D:2 :

Annotations:
D:2 Jessica


Message History

Jessica casts a spell.
Jessica blinks!
The adder misses you.
Jessica gestures wildly while chanting.
Jessica blinks!
Your magical contamination has completely faded away.
You closely miss the adder.
The adder is heavily wounded.
The adder bites you but does no damage. x2
You barely miss the adder.
The adder is heavily wounded.
The adder bites you but does no damage.
You miss the adder.
The adder is heavily wounded.
The adder closely misses you.
You barely miss the adder.
The adder is heavily wounded.
The adder bites you but does no damage. x2
Casting: Mephitic Cloud (astonishingly dangerous; 36% risk of failure)
Confirm with . or Enter, or press ? or * to list all spells.
You blink.
Jessica gestures wildly while chanting.
Jessica blinks!
You barely miss the adder.
The adder is heavily wounded.
The adder bites you but does no damage.
You hit the adder.
The adder is severely wounded.
The adder bites you but does no damage.
You closely miss the adder.
The adder is severely wounded.
You feel ready to blink again. The adder bites you.
* * * LOW HITPOINT WARNING * * *
The adder bites you.
* * * LOW HITPOINT WARNING * * *
You are lethally poisoned!
The adder poisons you!
You hit the adder. Lightning courses through the adder!!
You kill the adder!
You die...

#># #.#
#####.#####
#.#
##.........#
#.####
....#######.#
#..... ##..#
#.# ######
#..# #.####
..# #....# #.#
#.##.# #@#
#.##.#
#.#######.##.#
#.@.....@.##[#
#####.######<#
#.# #.#
.......§# #.#
######.$. #.#
..∩.. .#...##


You could see Jessica (fast).

Vanquished Creatures
  2 adders (D:2)
  A ribbon worm (D:2)
  2 endoplasms
  A giant cockroach (D:1)
  4 goblins
  4 hobgoblins
  2 kobolds (D:1)
  A quokka (D:1)
  2 ball pythons (D:1)
  2 bats (D:2)
  A frilled lizard (D:2)
  A rat (D:1)
23 creatures vanquished.

Notes
Turn   | Place    | Note
-------+----------+-------------------------------------------
     0 | D:1      | pokeman the Deep Elf Hedge Wizard began the quest for the
                  | Orb.
     0 | D:1      | Reached XP level 1. HP: 10/10 MP: 7/7
   145 | D:1      | Found Agyz Tunt's Magic Scroll Boutique.
   186 | D:1      | Reached XP level 2. HP: 11/16 MP: 2/9
   567 | D:1      | Reached skill level 5 in Spellcasting
   953 | D:2      | Reached XP level 3. HP: 20/20 MP: 7/11
   957 | D:2      | Learned a level 3 spell: Mephitic Cloud
   960 | D:2      | Learned a level 2 spell: Call Imp
   963 | D:2      | Learned a level 2 spell: Blink
  1230 | D:2      | Reached skill level 1 in Fighting
  1355 | D:2      | Found Kudept Tayho's Book Shoppe.
  1359 | D:2      | Noticed Jessica
  1366 | D:2      | Reached skill level 1 in Armour
  1391 | D:2      | Succumbed to an adder's poison

Illustrated notes

Levels and vault maps discovered:
D:1:      psy_arrival_dodecagon, layout_loops_ring, serial_shops, shop,
          minivault_25
D:2:      layout_loops_ring, serial_shops, shop, uniq_jessica, uniq_terence

Skill      XL: |  1  2  3 |
---------------+----------+-----
Spellcasting   | 5 |  5.3
Fighting       | 1 |  1.0
Armour         | 1 |  1.0
Conjurations   | 2 |  2.0
Dodging        | |  2.4
Stealth        | |  2.4
Summonings     | |  1.1
Translocations | |  1.1

Action                     || total
---------------------------++-------
  Melee: Dagger            ||    19
   Cast: Magic Dart        ||    63
         Mephitic Cloud    ||     1
         Blink             ||     1
   Stab: Confused          ||     1
 Armour: Leather armour    ||    24
  Dodge: Dodged            ||    16

Table legend: (Time is in decaauts)
 A = Elapsed time spent in this place.
 B = Non-inter-level travel time spent in this place.
 C = Inter-level travel time spent in this place.
 D = Time resting spent in this place.
 E = Time spent auto-exploring this place.
 F = Levels seen in this place.
 G = Mean time per level.
                   A        B        C        D        E       F      G
               +--------+--------+--------+--------+--------+-----+--------+
         Total |   1390 |   1360 |     30 |      0 |   1169 |   2 |  695.0 |
       Dungeon |   1390 |   1360 |     30 |      0 |   1169 |   2 |  695.0 |
               +--------+--------+--------+--------+--------+-----+--------+

Top non-repeatable levels by time:
     D:1: 886 daAuts
     D:2: 503 daAuts
